 Dungeon Crawl Stone Soup version 0.29-a0-233-g1125b37a9b (webtiles) character file.

Game seed: 8380080733553247163

4 Ge0ff the Sneak (level 1, 0/15 HPs)
             Began as a Djinni Enchanter on Mar 1, 2022.
             Slain by a bat (1 damage)
             ... on level 2 of the Dungeon.
             The game lasted 00:03:19 (257 turns).

Ge0ff the Sneak (Djinni Enchanter)                   Turns: 257, Time: 00:03:19

Health: 0/15       AC:  2    Str:  7    XL:     1   Next: 66%
Gold:   0          EV: 12    Int: 16    God:
                   SH:  0    Dex: 13

rFire   + + .      SeeInvis .   a - +1 dagger
rCold   x . .      Faith    .   (no shield)
rNeg    . . .      Spirit   .   b - +0 robe
rPois   ∞          Reflect  .   (no helmet)
rElec   .          Harm     .   (no cloak)
rCorr   .          Rampage  .   (no gloves)
Will    .....                   (boots unavailable)
Stlth   ++........              (no amulet)
HPRegen 0.05/turn               (no ring)
MPRegen 0.00/turn               (no ring)

@: flying, invisible
A: sickness immunity, fire resistance 2, cold vulnerability 1, float, innate
caster, HP casting, extra vitality 1
a: no special abilities


You were on level 2 of the Dungeon.
You visited 1 branch of the dungeon, and saw 2 of its levels.

Inventory:

Hand Weapons
 a - a +1 dagger (weapon)
 K - a +0 dagger of speed
Armour
 b - a +0 robe (worn)
Scrolls
 J - a scroll of identify {unknown}


   Skills:
 * Level 1.2 Short Blades
 - Level 2.1 Dodging
 + Level 2.5 Stealth
 - Level 2.4 Spellcasting


You couldn't memorise any spells.
You knew the following spells:

 Your Spells              Type           Power      Damage    Failure   Level
b - Tukima's Dance        Hex            9%         N/A       22%         3
c - Dazzling Flash        Conj/Hex       18%        N/A       22%         3
k - Ensorcelled Hibernat  Hex/Ice        18%        N/A       11%         2
t - Confusing Touch       Hex            9%         N/A       22%         3
Your spell library was empty.

Dungeon Overview and Level Annotations

Branches:
Dungeon (2/15)

Altars:


Innate Abilities, Weirdness & Mutations

You are immune to sickness and miasma.
You are immune to poison.
Your flesh is very heat resistant. (rF++)
You are vulnerable to cold. (rC-)
You float through the air rather than walking.
You learn spells naturally, not from books.
Your magical power is your life essence.
You have superior vitality. (+4 MHP)


Message History

The bat closely misses you. The bat hits you but does no damage.
The bat closely misses you.
You barely miss the bat. The bat barely misses you.
You hit the bat but do no damage. The bat hits you. The bat closely misses you.
You barely miss the bat. The bat completely misses you.
You miss the bat. The bat misses you. The bat hits you but does no damage.
The bat barely misses you. The bat closely misses you.
The bat closely misses you. The bat misses you. The bat hits you.
The bat hits you but does no damage. The bat hits you.
* * * LOW HITPOINT WARNING * * *
The bat misses you. The bat hits you but does no damage.
The bat closely misses you. x2
The bat hits you but does no damage. The bat hits you but does no damage.
The bat hits you.
* * * LOW HITPOINT WARNING * * *
The bat barely misses you. The bat hits you.
* * * LOW HITPOINT WARNING * * *
There is an escape hatch in the floor here.
The bat barely misses you.
You fly downwards.
The hatch slams shut behind you.
Found 13 gold pieces and a blue potion.
You fade into invisibility!
The bat closely misses you.
a - a +1 dagger (weapon)
The bat hits you.
* * * LOW HITPOINT WARNING * * *
You hit the quokka.
The quokka is heavily wounded.
The bat barely misses you. The quokka closely misses you.
You hit the quokka.
The quokka is almost dead.
The bat hits you but does no damage. The quokka closely misses you.
You miss the quokka.
The quokka is almost dead.
The bat hits you.
* * * LOW HITPOINT WARNING * * *
You hit the quokka.
You kill the quokka!
The bat hits you but does no damage. The bat closely misses you.
You closely miss the bat. The bat misses you.
The bat hits you but does no damage. The bat hits you.
You die...

r#
####.######
..#......#
####........#
#.....†.....#
#..........g#
#......#+####
##$.......#
#..@b..#..#
#..!...#...#
#......#...#
+......+ ....
#......# ..##
#.......
#........
####.....#


You could see a bat.

Vanquished Creatures
  An endoplasm (D:1)
  A quokka (D:2)
  A frilled lizard (D:1)
  A goblin (D:1)
4 creatures vanquished.

Notes
Turn   | Place    | Note
-------+----------+-------------------------------------------
     0 | D:1      | Ge0ff the Djinni Enchanter began the quest for the Orb.
     0 | D:1      | Reached XP level 1. HP: 15/15 MP: 0/0
    30 | D:1      | Reached skill level 1 in Short Blades
   257 | D:2      | Slain by a bat

Illustrated notes

Levels and vault maps discovered:
D:1:      minmay_arrival_jagged, layout_loops_ring, minmay_door_square
D:2:      layout_basic, serial_shops, shop,
          hellmonk_ecumenical_altar_dog_temple, uniq_sigmund, uniq_jessica

Skill      XL: |  1 |
---------------+----+-----
Short Blades   | 1 |  1.2
Dodging        | |  2.1
Stealth        | |  2.5
Spellcasting   | |  2.4

Action                   || total
-------------------------++-------
Melee: Dagger            ||    25
  Use: Potion            ||     1
 Stab: Sleeping          ||     1
Armor: Robe              ||    17
Dodge: Dodged            ||    51

Table legend: (Time is in decaauts)
 A = Elapsed time spent in this place.
 B = Non-inter-level travel time spent in this place.
 C = Inter-level travel time spent in this place.
 D = Time resting spent in this place.
 E = Time spent auto-exploring this place.
 F = Levels seen in this place.
 G = Mean time per level.
                   A        B        C        D        E       F      G
               +--------+--------+--------+--------+--------+-----+--------+
         Total |    253 |    253 |      0 |     40 |      0 |   2 |  126.5 |
       Dungeon |    253 |    253 |      0 |     40 |      0 |   2 |  126.5 |
               +--------+--------+--------+--------+--------+-----+--------+

Top non-repeatable levels by time:
     D:1: 243 daAuts
     D:2: 9 daAuts
